 Dungeon Crawl Stone Soup version 0.32-a0-42-ga30500b4d3 (webtiles) character file.

Game seed: 5090407147735110103

113 CraigForest the Covered (level 4, -1/37 HPs)
             Began as a Barachi Fighter on Feb 2, 2024.
             Was an Initiate of Gozag.
             Slain by an orc warrior
             ... wielding a +0 flail
              (9 damage)
             ... on level 4 of the Dungeon.
             The game lasted 00:07:15 (2907 turns).

CraigForest the Covered (Barachi Fighter)           Turns: 2907, Time: 00:07:16

Health: -1/37      AC:  7    Str: 17    XL:     4   Next: 96%
Magic:  4/4        EV:  9    Int:  9    God:    Gozag
Gold:   182        SH:  5    Dex: 13    Spells: 3/3 levels left

rFire   . . .        t - +4 dagger of the Hated {freeze, rPois Will++}
rCold   . . .        c - +0 buckler
rNeg    . . .        b - +0 scale mail
rPois   +            (no helmet)
rElec   .            (no cloak)
rCorr   .            (no gloves)
SInv    .            (no boots)
Will    ++...        (no amulet) Stlth
                     (no ring)
HPRegen 0.26/turn    (no ring)
MPRegen 0.09/turn

%: no passive effects
@: mighty, gold aura, slow
A: amphibious, slowness 1, strong legs 1, +LOS
a: Hop, Renounce Religion, Potion Petition, Call Merchant, Bribe Branch


You were on level 4 of the Dungeon.
You worshipped Gozag.
Gozag was aware of your devotion.
You visited 1 branch of the dungeon, and saw 4 of its levels.

You collected 197 gold pieces.
You paid 15 gold pieces to Gozag.

Inventory:

Hand Weapons
 a - a +0 long sword
 s - a +2 short sword of venom
 t - the +4 dagger of the Hated (weapon) {freeze, rPois Will++}
   (You found it on level 3 of the Dungeon)

   rPois:     It protects you from poison Will++: It greatly increases your
   willpower.
Missiles
 h - a throwing net
Armour
 b - a +0 scale mail (worn)
 c - a +0 buckler (worn)
 u - a +0 plate armour
Magical Staves
 i - a staff of air
Scrolls
 e - 2 scrolls of fear {unknown}
 r - a scroll of blinking {unknown}
Potions
 d - a potion of might
 f - 4 potions of curing
 g - a potion of mutation {unknown}
 j - a potion of berserk rage {unknown}
 k - 5 potions of enlightenment
 l - a potion of heal wounds {unknown}
 m - a potion of attraction {unknown}
 n - a potion of magic {unknown}
 o - 2 potions of lignification
 p - 2 potions of resistance {unknown}
 q - 2 potions of degeneration {unknown}


   Skills:
 + Level 4.0 Fighting
 + Level 0.7(2.3) Short Blades
 + Level 4.0(4.1) Long Blades
 + Level 4.3 Armour
 + Level 0.5 Dodging
 + Level 1.0 Stealth
 + Level 3.9 Shields


You had 3 spell levels left.
You didn't know any spells.
Your spell library contained the following spells:

 Spells                   Type           Power      Damage    Failure   Level
 Jinxbite                 Hex            0%         N/A       94%         2
 Yara's Violent Unravell  Hex/Alch       0%         3d3       100%        5
 Enfeeble                 Hex            0%         N/A       100%        7


Dungeon Overview and Level Annotations

Branches:
Dungeon (4/15)
 Temple: D:4-7

Altars:
Ashenzari
Cheibriados
Gozag

Shops:
D:1 *   D:3 [   D:4 [[


Innate Abilities, Weirdness & Mutations

You are amphibious.
You cover ground slowly.
You can hop short distances.
You have an extended range of vision and can be seen from far away.


Message History

You are too injured to fight recklessly!
You are too injured to fight recklessly!
You are too injured to fight recklessly!
You are too injured to fight recklessly!
You are too injured to fight recklessly!
You are too injured to fight recklessly!
You are too injured to fight recklessly!
You are too injured to fight recklessly!
You are too injured to fight recklessly!
You are too injured to fight recklessly!
You are too injured to fight recklessly!
You are too injured to fight recklessly!
You are too injured to fight recklessly!
You are too injured to fight recklessly!
You are too injured to fight recklessly!
You are too injured to fight recklessly!
You are too injured to fight recklessly!
The orc priest hits you but does no damage.
The orc attacks as it pursues you! The orc hits you with a +0 hand axe.
* * * LOW HITPOINT WARNING * * *
The orc wizard points at you and mumbles some strange words.
The puff of flame misses you. The orc hits you but does no damage.
You hit the orc. You freeze the orc.
The orc is almost dead.
The orc barely misses you.
You barely miss the orc.
The orc is almost dead.
The orc closely misses you.
You hit the orc. You freeze the orc.
You kill the orc!
Your Stealth skill increases to level 1!
You feel very mighty all of a sudden.
The orc wizard is distracted by your dazzling golden aura.
The orc wizard shouts!
You puncture the orc warrior! You freeze the orc warrior.
The orc warrior is severely wounded.
The orc warrior hits you with a +0 flail!
You die...
Your body crumbles into a pile of gold.

#########...#. # ####.####
###... ###. #.......# ###.
#... #.##.##.# ##.. #$...
#.##.##.### ##... #.....
#.##......###....
......####.###...#.##.....
....................+.....
...##..o@..........#.)...
#.#o##########....... ..
#o$### #.###.## #. ##..o#
#.# ### # ##o...# ..#
.#.8(# ##.# ## $..... #.#
$.8.#.##.# (..## ##.#


You could see an orc warrior, an orc wizard and an orc.

Vanquished Creatures
  5 adders
  A ribbon worm (D:3)
  2 dart slugs
  3 orcs (D:4)
  8 endoplasms
  4 giant cockroaches
  6 goblins
  3 hobgoblins
  2 jackals (D:1)
  6 kobolds
  A quokka (D:2)
  6 ball pythons
  3 bats
  A frilled lizard (D:3)
  5 rats
56 creatures vanquished.

Notes
Turn   | Place    | Note
-------+----------+-------------------------------------------
     0 | D:1      | CraigForest the Barachi Fighter began the quest for the
                  | Orb.
     0 | D:1      | Reached XP level 1. HP: 18/18 MP: 1/1
   128 | D:1      | Found Keabboxt's Assorted Antiques.
   188 | D:1      | Reached XP level 2. HP: 25/25 MP: 2/2
   808 | D:2      | Reached XP level 3. HP: 30/30 MP: 3/3
  1710 | D:3      | Found Rexoocy's Antique Armour Shop.
  1727 | D:3      | Reached XP level 4. HP: 31/37 MP: 4/4
  1877 | D:3      | Found an opulent altar of Gozag.
  1890 | D:3      | Became a worshipper of Gozag Ym Sagoz the Greedy
  1927 | D:3      | Found a broken altar of Ashenzari.
  2288 | D:3      | Identified the +4 dagger of the Hated {freeze, rPois
                  | Will++}
  2381 | D:4      | Found Poutosch's Antique Armour Shoppe.
  2615 | D:4      | Found Hofaumpo's Armour Shop.
  2647 | D:4      | Found a snail-covered altar of Cheibriados.
  2895 | D:4      | Noticed an orc warrior
  2905 | D:4      | Reached skill level 1 in Stealth
  2907 | D:4      | Slain by an orc warrior

Illustrated notes

Levels and vault maps discovered:
D:1:      dpeg_arrival_fog, layout_basic, serial_shops, shop_statue,
          minmay_pentomino_w2
D:2:      layout_loops_corners
D:3:      layout_loops_ring, lemuel_tele_altar, lemuel_doored_altar,
          serial_shops, shop, chequers_serial_rivers_micro_c
D:4:      layout_loops_corners, mainiacjoe_overflow_cross_hatched, serial_shops,
          shop, nicolae_shop_crystal, nicolae_shop_tiny_real_fake_doors, shop,
          nicolae_shop_stone, nicolae_kite_square_tiling_tiny,
          amethyst_killhole, nicolae_shop_fire_sale [nicolae_sub_dead_trees],
          chequers_arboretum, guppyfry_early_orc_mine

Skill      XL: |  1  2  3  4 |
---------------+-------------+-----
Armour         | 4 |  4.3
Long Blades    | 3 4 |  4.0
Fighting       | 4 |  4.0
Stealth        | 1 |  1.0
Short Blades   | |  0.7
Dodging        | |  0.5
Shields        | |  3.9

Action                     |  1- 3 |  4- 6 || total
---------------------------+-------+-------++-------
  Melee: Long sword        |   107 |    38 ||   145
         Dagger            |       |    39 ||    39
    Use: Scroll            |     2 |     2 ||     4
         Potion            |       |     1 ||     1
 Armour: Scale mail        |    71 |    56 ||   127
  Dodge: Dodged            |    46 |    43 ||    89
  Block: Buckler           |    25 |    18 ||    43

Table legend: (Time is in decaauts)
 A = Elapsed time spent in this place.
 B = Non-inter-level travel time spent in this place.
 C = Inter-level travel time spent in this place.
 D = Time resting spent in this place.
 E = Time spent auto-exploring this place.
 F = Levels seen in this place.
 G = Mean time per level.
                   A        B        C        D        E       F      G
               +--------+--------+--------+--------+--------+-----+--------+
         Total |   3419 |   3318 |    101 |      0 |   2790 |   4 |  854.8 |
       Dungeon |   3419 |   3318 |    101 |      0 |   2790 |   4 |  854.8 |
               +--------+--------+--------+--------+--------+-----+--------+

Top non-repeatable levels by time:
     D:2: 1090 daAuts
     D:1: 902 daAuts
     D:3: 817 daAuts
     D:4: 608 daAuts
